 Dungeon Crawl Stone Soup version 0.18.1-48-g4cf74bf (webtiles) character file.

1345 Inkary the Twirler (level 8, -10/71 HPs)
             Began as a Minotaur Gladiator on July 30, 2016.
             Was a Believer of Elyvilon.
             Mangled by an orc warrior
             ... wielding a +0 halberd
              (25 damage)
             ... on level 7 of the Dungeon.
             The game lasted 00:15:09 (4466 turns).

Inkary the Twirler (Minotaur Gladiator)             Turns: 4466, Time: 00:15:10

Health: -10/71     AC:  5    Str: 20    XL:     8   Next: 36%
Magic:  6/9        EV: 15    Int:  5    God:    Elyvilon [**....]
Gold:   241        SH:  2    Dex: 13    Spells: 0 memorised, 7 levels left

rFire  . . .     SeeInvis .     a - +0 quarterstaff
rCold  . . .     Gourm    .     b - +0 leather armour
rNeg   . . .     Faith    .     (shield currently unavailable)
rPois  +         Spirit   .     c - +1 hat
rElec  .         Dismiss  .     (no cloak)
rCorr  .         Reflect  +     (no gloves)
SustAt .         Harm     .     y - +0 pair of boots
MR     .....                    m - +2 amulet of reflection
Stlth  +.........               (no ring)
                                r - ring of poison resistance

@: not resistant to hostile enchantments, very unstealthy
A: retaliatory headbutt, horns 2, sense surroundings 1
a: Lesser Healing, Heal Other, Divine Protection, Renounce Religion


You were on level 7 of the Dungeon.
You worshipped Elyvilon.
Elyvilon was pleased with you.
You were hungry.

You visited 1 branch of the dungeon, and saw 7 of its levels.

You collected 350 gold pieces.
You spent 109 gold pieces at shops.

Inventory:

Hand Weapons
 a - a +0 quarterstaff (weapon)
Missiles
 d - 3 throwing nets (quivered)
Armour
 b - a +0 leather armour (worn)
 c - a +1 hat (worn)
 y - a +0 pair of boots (worn)
Jewellery
 h - an uncursed amulet of rage
 m - a +2 amulet of reflection (around neck)
 r - a ring of poison resistance (left hand)
 w - an uncursed amulet of guardian spirit
Wands
 F - a wand of paralysis (14/24)
Scrolls
 e - a scroll of magic mapping
 g - a scroll of recharging {unknown}
 n - 4 scrolls of remove curse
 q - 2 scrolls of teleportation
 u - a scroll of amnesia {unknown}
 x - a scroll of torment {unknown}
 z - a scroll of fear
 G - a scroll of fog {unknown}
Potions
 i - a potion of flight
 k - a potion of magic
 o - 4 potions of mutation
 p - a potion of agility
 s - 5 potions of curing
 v - 3 potions of heal wounds
 A - a potion of cure mutation {unknown}
 B - a potion of haste
Books
 D - a book of Unlife

   Spells                             Type                      Level
   a - Recall                         Summoning/Translocation      3
   b - Animate Dead                   Necromancy                   4
   c - Control Undead                 Necromancy                   4
   d - Cigotuvi's Embrace             Necromancy                   5
   e - Death Channel                  Necromancy                   6
   f - Simulacrum                     Ice/Necromancy               6
Comestibles
 f - 4 bread rations
 j - 2 meat rations
 l - 2 chunks of flesh
 t - a slice of pizza
 C - a beef jerky


   Skills:
 + Level 6.4 Fighting
 + Level 6.9 Staves
 - Level 2.0 Throwing
 - Level 4.6 Armour
 + Level 6.2 Dodging
 + Level 3.7 Invocations


You had 7 spell levels left.
You didn't know any spells.

Dungeon Overview and Level Annotations

Branches:
Dungeon (7/15)             Temple (0/1) D:6

Altars:
Dithmenos
Elyvilon
Fedhas
Kikubaaqudgha
Nemelex Xobeh
Pakellas
Qazlal
Trog
Yredelemnul
The Shining One

Shops:
D:4 [(   D:6 *


Innate Abilities, Weirdness & Mutations

You reflexively headbutt those who attack you in melee.
You have a pair of horns on your head.
You passively map a small area around you.


Message History

an arrow; an adder corpse The orc hits you but does no damage.
You hit the orc. Your headbutt misses the orc.
The orc is severely wounded.
The orc misses you. You furiously retaliate!
You headbutt the orc!
You kill the orc!
You hit the orc. You headbutt the orc.
The orc is severely wounded.
The orc closely misses you.
The orc warrior hits you from afar with a halberd!
* * * LOW HITPOINT WARNING * * *
You sock the orc!
You kill the orc!
You block the orc warrior's attack.
Items here: ( ) †† a whip; an arrow; an orc corpse; an adder corpse You hit the orc warrior.
The orc warrior is moderately wounded.
The orc warrior hits you with a halberd!!
You die...

..# * #[...#.##...#..#.#... .
..# #....#.##.#.#..#.#..# .
###########....#.##.#.#..#.#..#
. ,
.......'....#.##.#..#......# .
########....#.##.#..#.#.#.# .
#....#.##..s.......###.
#.....os...J...........
######o#...h........... * *
#@#oo.##.##...##.. , ,
#.#o..##.......##. * , ,
*#.#o..##..#.......
........#...##..#...###.
........+...........# .
.......(#...###.#..## .
........#.#.# #.#..# .
..#######,* * #....# . ,*
##...# *


You could see an orc warrior, an orc and a giant cockroach.

Vanquished Creatures
  An orc warrior (D:6)
  The ghost of Inkary the Shield-Bearer, an amateur MiFi (D:4)
  An ice beast (D:7)
  An ogre (D:4)
  2 centaurs
  A giant frog (D:7)
  3 wights (D:6)
  A howler monkey (D:7)
  A quasit (D:6)
  2 orc priests
  Jessica (D:2)
  3 iguanas
  3 orc wizards
  2 worker ants (D:4)
  A killer bee zombie (D:5)
  Robin (D:2)
  A gnoll (D:1)
  6 adders
  A shadow imp (D:5)
  An ooze (D:2)
  3 worms
  4 dart slugs
  2 giant geckos
  19 orcs
  4 bats
  4 giant cockroaches
  12 hobgoblins
  4 jackals (D:2)
  8 kobolds
  3 quokkas
  A ball python (D:1)
  6 giant newts
  13 goblins
  9 rats
126 creatures vanquished.

Vanquished Creatures (others)
  A howler monkey (D:7)
  An iguana (D:3)
2 creatures vanquished.

Grand Total: 128 creatures vanquished

Notes
Turn   | Place    | Note
--------------------------------------------------------------
     0 | D:1      | Inkary the Minotaur Gladiator began the quest for the Orb.
     0 | D:1      | Reached XP level 1. HP: 18/18 MP: 0/0
    72 | D:1      | Reached skill level 1 in Armour
    76 | D:1      | Reached XP level 2. HP: 23/25 MP: 1/1
   347 | D:1      | Reached XP level 3. HP: 29/30 MP: 2/2
   530 | D:2      | Found a shadowy altar of Dithmenos.
   605 | D:2      | Found a basalt altar of Yredelemnul.
   698 | D:2      | Noticed Jessica
   702 | D:2      | Killed Jessica
   702 | D:2      | Reached XP level 4. HP: 35/38 MP: 3/3
   753 | D:2      | Found a white marble altar of Elyvilon.
   836 | D:2      | Noticed Robin
   883 | D:2      | Killed Robin
  1018 | D:2      | Became a worshipper of Elyvilon the Healer
  1425 | D:2      | Reached XP level 5. HP: 9/46 MP: 4/4
  1697 | D:3      | Reached skill level 5 in Staves
  1795 | D:3      | Found a bloodstained altar of Trog.
  1840 | D:3      | Reached XP level 6. HP: 24/52 MP: 5/5
  2034 | D:3      | Reached * piety under Elyvilon
  2113 | D:3      | Found a blossoming altar of Fedhas.
  2113 | D:3      | Found a stormy altar of Qazlal.
  2180 | D:3      | Found an oddly glowing altar of Pakellas.
  2184 | D:3      | Noticed an orange crystal statue
  2308 | D:3      | Found an ancient bone altar of Kikubaaqudgha.
  2347 | D:4      | Noticed Inkary's ghost (amateur MiFi)
  2355 | D:4      | Killed Inkary's ghost
  2472 | D:4      | You fall through a shaft for 2 floors!
  2530 | D:6      | Reached skill level 5 in Dodging
  2530 | D:6      | Reached skill level 1 in Invocations
  2608 | D:6      | Found a sparkling altar of Nemelex Xobeh.
  2649 | D:6      | Reached XP level 7. HP: 55/60 MP: 5/7
  2671 | D:6      | Found Pessiriw's Assorted Antiques.
  2763 | D:6      | Bought a smoky red potion for 25 gold pieces
  2763 | D:6      | Bought a scroll of identify for 56 gold pieces
  2784 | D:5      | Entered Level 5 of the Dungeon
  2873 | D:5      | Reached ** piety under Elyvilon
  2875 | D:4      | Found Bewa Rel's Weapon Shoppe.
  2875 | D:4      | Found Lyptov's Armour Shoppe.
  2893 | D:4      | Was placed under penance by Elyvilon
  2893 | D:4      | Reached skill level 5 in Fighting
  3209 | D:5      | Was forgiven by Elyvilon
  3457 | D:5      | Found a glowing golden altar of the Shining One.
  4073 | D:6      | Found a staircase to the Ecumenical Temple.
  4229 | D:6      | Reached XP level 8. HP: 70/70 MP: 9/9
  4243 | D:6      | Bought a scroll labeled ECASAO ZYASEAQ for 28 gold pieces
  4245 | D:6      | Gained mutation: You passively map a small area around you. [potion of beneficial mutation]
  4466 | D:7      | Mangled by an orc warrior

Skill      XL: |  1  2  3  4  5  6  7  8 |
---------------+-------------------------+-----
Armour         | 1 2 3 4 |  4.6
Staves         | 4 5 6 |  6.9
Fighting       | 3 4 5 6 |  6.4
Dodging        | 4 5 6 |  6.2
Invocations    | 1 3 |  3.7
Throwing       | |  2.0

Action                   |  1- 3 |  4- 6 |  7- 9 || total
-------------------------+-------+-------+-------++-------
Melee: Quarterstaff      |    51 |   149 |    92 ||   292
       Headbutt          |     4 |    23 |    22 ||    49
Invok: Lesser Healing    |       |     1 |     6 ||     7
       Heal Other        |       |       |     6 ||     6
       Divine Protection |       |       |     1 ||     1
  Use: Scroll            |       |    13 |     4 ||    17
       Potion            |       |     1 |     1 ||     2
  Eat: Chunk             |       |     6 |     8 ||    14
Armor: Leather armour    |    11 |    34 |    18 ||    63
Dodge: Dodged            |    37 |   102 |    69 ||   208
Block: Other             |     1 |    11 |     4 ||    16
